 Dungeon Crawl Stone Soup version 0.29-a0-284-gf9362112df (webtiles) character file.

Game seed: 13511742581912790481

2004 spaghetti the Fighter (level 9, -15/74 HPs)
             Began as a Demonspawn Necromancer on Mar 20, 2022.
             Killed from afar by a gargoyle (27 damage)
             ... with a stone arrow
             ... on level 5 of the Dungeon.
             The game lasted 00:12:01 (6818 turns).

spaghetti the Fighter (Demonspawn Necromancer)      Turns: 6818, Time: 00:12:01

Health: -15/74     AC: 33    Str: 10    XL:     9   Next: 2%
Magic:  16/16      EV: 10    Int: 20    God:
Gold:   100        SH:  0    Dex: 13    Spells: 1/18 levels left

rFire   . . .      SeeInvis .   e - +3 short sword (protect) {short}
rCold   + . .      Faith    .   (no shield)
rNeg    . . .      Spirit   .   x - +5 ring mail of the Untouchables {rPois rC+}
rPois   +          Reflect  .   A - +2 helmet
rElec   .          Harm     .   (no cloak)
rCorr   .          Rampage  .   B - +0 pair of gloves
Will    .....                   n - +0 pair of boots
Stlth   +.........              k - amulet of magic regeneration {@e2}
HPRegen 0.22/turn               c - ring of flight
MPRegen 0.55/turn               s - ring of the Tortoise {AC+8}

@: wereblooded, under a protective aura, flying
A: slimy green scales 2, demonic guardian 2, foul stench 1
a: no special abilities


You were on level 5 of the Dungeon.
You visited 1 branch of the dungeon, and saw 5 of its levels.

You collected 307 gold pieces.
You spent 207 gold pieces at shops.


Innate Abilities, Weirdness & Mutations

You are mostly covered in slimy green scales. (AC +3)
A demonic guardian rushes to your aid.
You may rarely emit foul miasma when damaged in melee.


   Skills:
 + Level 8.0 Fighting
 - Level 1.7 Dodging
 - Level 1.7 Stealth
 + Level 5.3 Spellcasting
 + Level 6.8 Necromancy
 - Level 4.0 Transmutations


You had one spell level left.
You knew the following spells:

 Your Spells              Type           Power      Damage    Failure   Level
a - Pain                  Necr           100%       1d9       1%          1
b - Animate Dead          Necr           16%        N/A       17%         4
c - Wereblood             Tmut           21%        N/A       9%          2
d - Vampiric Draining     Necr           32%        2d8       5%          3
e - Sublimation of Blood  Necr           32%        N/A       2%          2
f - Agony                 Necr           32%        N/A       43%         5

Your spell library contained the following spells:

 Spells                   Type           Power      Damage    Failure   Level
 Animate Skeleton         Necr           64%        N/A       1%          1
 Summon Hydra             Summ           2%         N/A       100%        7

Inventory:

Hand Weapons
 d - a +0 club {mace}
   (You took it off a goblin on level 1 of the Dungeon)
 e - a +3 short sword of protection (weapon) {short}
   (You took it off a kobold on level 1 of the Dungeon)
 j - a +2 dagger of venom {short}
   (You found it on level 2 of the Dungeon)
 q - a +0 vampiric whip {mace}
   (You found it on level 3 of the Dungeon)
Missiles
 f - 110 stones {throwing}
 v - 2 throwing nets {=f!fthrowing}
Armour
 a - a +0 robe
 n - a +0 pair of boots (worn)
   (You found it on level 2 of the Dungeon)
 t - a +0 helmet
   (You found it on level 3 of the Dungeon)
 x - the +5 ring mail of the Untouchables (worn) {rPois rC+}
   (You bought it in a shop on level 4 of the Dungeon)

   rC:        It protects you from cold.
   rPois:     It protects you from poison.
 A - a +2 helmet (worn)
   (You found it on level 5 of the Dungeon)
 B - a +0 pair of gloves (worn)
   (You found it on level 1 of the Dungeon)
Jewellery
 c - a ring of flight (left hand)
   (You found it on level 1 of the Dungeon)
 k - an amulet of magic regeneration (around neck) {@e2}
   (You found it on level 2 of the Dungeon)
 s - the ring of the Tortoise (right hand) {AC+8}
   (You found it on level 5 of the Dungeon)

   [ring of protection]

   AC:        It affects your AC (+8).
Wands
 l - a wand of flame (28)
   (You took it off Natasha on level 2 of the Dungeon)
 r - a wand of acid (4)
   (You took it off Ijyb on level 5 of the Dungeon)
 C - a wand of mindburst (6)
   (You took it off a centaur on level 5 of the Dungeon)
Scrolls
 m - a scroll of blinking {!r}
 p - a scroll of brand weapon
 w - a scroll of enchant weapon
 y - a scroll of vulnerability {!r!r}
 D - a scroll of fear
Potions
 b - a potion of magic
 g - a potion of curing {@q1}
 h - 3 potions of might
 i - 2 potions of heal wounds {@q2}
 o - a potion of attraction {!q}
 u - 2 potions of brilliance
 z - a potion of haste {@q3}

Dungeon Overview and Level Annotations

Branches:
Dungeon (5/15)
 Temple: D:4-7

Altars:
Uskayaw

Shops:
D:3 ( D:4

[ #######... ...#
#......รท.8 # #..#
#######..) #. #..###'#
###.8 #. #...... #.... #..
#..... ######.###
#################......# #
........4....)....####.###
........9@...)....# #..##
################### #####
..OSo# #. #...so# ##
#..#..# # #..#..# ....#...
... #...


You could see a gargoyle (ally target), an ogre, a scorpion, an orc wizard, an
adder, an orc and a friendly hellwing (summoned).


Message History

Confirm with . or Enter, or press ? or * to list all spells.
Your blood is infused with primal strength.
The scorpion closely misses you. ๐Ÿ˜Ž MP[-2]
You lost 2 mp, and now have 13/15 mp.
Unknown command.
You hit the scorpion.
Your weapon exudes an aura of protection.
The scorpion barely misses you. The gargoyle completely misses you.
The scorpion stings you but does no damage. ๐Ÿ˜Ž MP[+1]
You puncture the scorpion! The gargoyle hits you with a +0 mace!
The scorpion completely misses you. ๐Ÿ˜• HP[-8]
You take 8 damage, and now have 60/68 hp.
You hit the scorpion but do no damage.
The gargoyle hits you but does no damage.
The scorpion stings you but does no damage. ๐Ÿ˜• MP[+1]
Your mp is fully restored (15).
You barely miss the scorpion.
The scorpion stings you but does no damage.
The gargoyle hits you with a +0 mace! ๐Ÿ˜ฎ HP[-12]
You take 12 damage, and now have 48/68 hp.
You hit the scorpion.
The scorpion stings you but does no damage.
The gargoyle hits you but does no damage.
The scorpion closely misses you.
You completely miss the scorpion.
The gargoyle hits you but does no damage.
The scorpion stings you but does no damage.
You closely miss the scorpion. The gargoyle hits you with a +0 mace!
* * * LOW HITPOINT WARNING * * *
The scorpion stings you but does no damage.
The gargoyle closely misses you. ๐Ÿ˜จ HP[-17]
You take 17 damage, and now have 31/68 hp.
MASSIVE DAMAGE!! (PAUSE)
Casting: Wereblood (safe; 11% risk of failure)
Confirm with . or Enter, or press ? or * to list all spells.
Aiming: Vampiric Draining (dangerous; 7% risk of failure)
Press: ? - help, Shift-Dir - straight line, f - scorpion
Aim: a scorpion (severely wounded)
You draw life force from the scorpion.
You feel a bit better.
You kill the scorpion!
You feel life coursing into your body.
The gargoyle hurls a stone arrow at you.
The stone arrow hits you!
* * * LOW HITPOINT WARNING * * *
You feel your strength returning.
Your Fighting skill increases to level 8!
You have reached level 9!
Your experience leads to an increase in your attributes!
Increase (S)trength, (I)ntelligence, or (D)exterity?
You feel clever. x2; Your demonic ancestry asserts itself...
You begin to emit a foul stench of rot and decay. ๐Ÿ˜จ HP[-3] MP[-2]
You now have 74 max hp (+6).
You lost 2 mp, and now have 13/16 mp.
Casting: Vampiric Draining (dangerous; 5% risk of failure)
Confirm with . or Enter, or press ? or * to list all spells.
You can't see any susceptible monsters within range! (Use Z to cast anyway.)
You barely miss the gargoyle.
The gargoyle hurls a stone arrow at you.
The stone arrow hits you.
* * * LOW HITPOINT WARNING * * *
๐Ÿ˜จ HP[-6]
You take 6 damage, and now have 22/74 hp.
You closely miss the gargoyle.
The gargoyle completely misses you. ๐Ÿ˜จ MP[+1]
You hit the gargoyle but do no damage.
Your weapon exudes an aura of protection.
The gargoyle hits you but does no damage. ๐Ÿ˜จ HP[+1]
Aiming: Corrosive Bolt
Press: ? - help, Shift-Dir - straight line, f - gargoyle
Aim: a gargoyle, wielding a +0 mace (86% to hit)
The bolt of acid hits the gargoyle!
The gargoyle hits you with a +0 mace.
* * * LOW HITPOINT WARNING * * *
A demonic guardian appears! ๐Ÿ˜ฑ HP[-6] MP[+1]
You take 6 damage, and now have 17/74 hp.
The gargoyle hurls a stone arrow at you.
The stone arrow hits you.
* * * LOW HITPOINT WARNING * * *
๐Ÿ˜ฑ HP[-6]
You take 6 damage, and now have 11/74 hp.
Your hellwing hits the gargoyle.
Your hellwing hits the gargoyle but does no damage. ๐Ÿ˜ฑ MP[+1]
Your mp is fully restored (16).
Aiming: Corrosive Bolt
Press: ? - help, Shift-Dir - straight line, f/p - gargoyle
Aim: a gargoyle, wielding a +0 mace (heavily damaged, not watching you, ally target, 86% to hit)
The bolt of acid misses the gargoyle.
Your hellwing hits the gargoyle. x2
You hit the gargoyle but do no damage.
Your weapon exudes an aura of protection.
The gargoyle hurls a stone arrow at you.
The stone arrow hits you!!
You die...

Skill      XL: |  1  2  3  4  5  6  7  8 |
---------------+-------------------------+-----
Fighting       | 1 2 3 4 5 6 8 |  8.0
Transmutations | 1 2 3 4 |  4.0
Spellcasting   | 3 4 5 |  5.3
Necromancy     | 5 6 |  6.8
Dodging        | |  1.7
Stealth        | |  1.7

Action                   |  1- 3 |  4- 6 |  7- 9 || total
-------------------------+-------+-------+-------++-------
Melee: Short sword       |    30 |     9 |   160 ||   199
       Unarmed           |     3 |       |       ||     3
       Dagger            |       |   131 |       ||   131
       Punch             |       |     3 |     1 ||     4
 Cast: Pain              |    23 |    38 |    30 ||    91
       Wereblood         |       |     2 |     3 ||     5
       Vampiric Draining |       |       |     1 ||     1
Evoke: Wand              |       |       |     2 ||     2
  Use: Scroll            |     4 |     6 |     3 ||    13
       Potion            |       |     3 |     3 ||     6
 Stab: Sleeping          |     7 |     2 |       ||     9
       Invisible         |       |       |     1 ||     1
Armor: Robe              |     5 |    59 |       ||    64
       Ring mail         |       |     2 |   158 ||   160
Dodge: Dodged            |    13 |   110 |    98 ||   221

Levels and vault maps discovered:
D:1:      dpeg_arrival_houses_and_road, layout_loops_ring, due_unseen_surprise
D:2:      layout_basic, hellmonk_ecumenical_altar_leap_of_faith, uniq_terence,
          uniq_natasha, uniq_jessica
D:3:      layout_rooms, serial_shops, shop_coins
D:4:      layout_cave_pods, serial_shops, kennysheep_mini_moat, uniq_robin
D:5:      kennysheep_windowed_halls, layout_loops_ring,
          eat_drink_and_be_merry_uskayaw, nicolae_ossuary_entry_monument,
          roderic_batcave, uniq_prince_ribbit1, uniq_ijyb, uniq_sigmund

Notes
Turn   | Place    | Note
-------+----------+-------------------------------------------
     0 | D:1      | spaghetti the Demonspawn Necromancer began the quest for
                  | the Orb.
     0 | D:1      | Reached XP level 1. HP: 13/13 MP: 3/3
     0 | D:1      | magus.rc [v1.9.6]
   316 | D:1      | You pick up a book of Blood and begin reading...
   316 | D:1      | You add the spells Sublimation of Blood, Wereblood and
                  | Summon Hydra to your library.
   330 | D:1      | Reached skill level 1 in Fighting
   350 | D:1      | Gained mutation: A weak demonic guardian rushes to your
                  | aid. [demonic ancestry]
   350 | D:1      | Reached XP level 2. HP: 17/22 MP: 0/5
   617 | D:1      | Reached skill level 2 in Fighting
  1066 | D:2      | Found a faded altar of an unknown god.
  1148 | D:2      | Gained mutation: A demonic guardian rushes to your aid.
                  | [demonic ancestry]
  1148 | D:2      | Reached XP level 3. HP: 23/28 MP: 1/6
  1201 | D:2      | Noticed Natasha
  1213 | D:2      | Killed Natasha
  1214 | D:2      | Reached skill level 3 in Fighting
  1393 | D:2      | Gained mutation: You are partially covered in slimy green
                  | scales. (AC +2) [demonic ancestry]
  1393 | D:2      | Reached XP level 4. HP: 34/37 MP: 3/7
  1651 | D:2      | Noticed Terence
  1656 | D:2      | Killed Terence
  1657 | D:2      | Reached skill level 4 in Fighting
  1698 | D:2      | Noticed Jessica
  1723 | D:2      | Killed Jessica
  1750 | D:2      | Reached XP level 5. HP: 21/43 MP: 8/8
  1789 | D:2      | Reached skill level 5 in Fighting
  2052 | D:2      | Learned a level 4 spell: Animate Dead
  2062 | D:2      | Learned a level 2 spell: Wereblood
  2121 | D:2      | Noticed Natasha
  2126 | D:2      | Killed Natasha
  2296 | D:2      | Noticed Natasha
  2315 | D:2      | Killed Natasha
  2849 | D:3      | Reached skill level 1 in Transmutations
  2867 | D:3      | Gained mutation: You are mostly covered in slimy green
                  | scales. (AC +3) [demonic ancestry]
  2867 | D:3      | Reached XP level 6. HP: 32/51 MP: 9/9
  3053 | D:3      | Found Ittooj's Weapon Emporium.
  3656 | D:4      | Noticed a sky beast
  3674 | D:4      | Killed a sky beast
  3675 | D:4      | Reached skill level 2 in Transmutations
  3710 | D:4      | HP: 11/52 [phantom (3)]
  3718 | D:3      | HP: 9/52 [phantom (1)]
  3729 | D:3      | Reached skill level 3 in Spellcasting
  4110 | D:4      | Found Wimul's Antique Armour Shoppe.
  4113 | D:4      | Bought a faintly humming ring mail for 207 gold pieces
  4113 | D:4      | Identified the +5 ring mail of the Untouchables {rPois rC+}
                  | (You bought it in a shop on level 4 of the Dungeon)
  4238 | D:4      | You pick up a book of Necromancy and begin reading...
  4369 | D:4      | HP: 10/52 [orc priest/divine providence (13)]
  4372 | D:4      | Reached XP level 7. HP: 57/57 MP: 11/11
  4378 | D:4      | Reached skill level 6 in Fighting
  4693 | D:4      | Noticed Robin
  4710 | D:4      | Killed Robin
  5110 | D:5      | Entered Level 5 of the Dungeon
  5151 | D:5      | Noticed Sigmund
  5169 | D:5      | Killed Sigmund
  5170 | D:5      | Reached skill level 5 in Necromancy
  5170 | D:5      | Reached skill level 3 in Transmutations
  5257 | D:5      | Noticed Prince Ribbit
  5262 | D:5      | Killed Prince Ribbit
  5263 | D:5      | Reached skill level 4 in Spellcasting
  5263 | D:5      | Reached XP level 8. HP: 59/65 MP: 12/14
  5312 | D:5      | Found a hide-covered altar of Uskayaw.
  5312 | D:5      | Found the ring of the Tortoise {AC+8}
  5313 | D:5      | Noticed Ijyb
  5328 | D:5      | Killed Ijyb
  5759 | D:5      | Noticed a two-headed ogre
  5774 | D:5      | HP: 15/65 [two-headed ogre/+0 giant club (8)]
  5774 | D:5      | Killed a two-headed ogre
  5775 | D:5      | Reached skill level 7 in Fighting
  5775 | D:5      | Reached skill level 5 in Spellcasting
  5775 | D:5      | Reached skill level 6 in Necromancy
  5775 | D:5      | Reached skill level 4 in Transmutations
  6302 | D:2      | Learned a level 3 spell: Vampiric Draining
  6305 | D:2      | Learned a level 2 spell: Sublimation of Blood
  6311 | D:2      | Learned a level 5 spell: Agony
  6534 | D:5      | HP: 17/68 [disintegration (13)]
  6539 | D:5      | HP: 15/68 [centaur (4)]
  6799 | D:5      | Noticed a gargoyle
  6811 | D:5      | Reached skill level 8 in Fighting
  6811 | D:5      | Gained mutation: You may rarely emit foul miasma when
                  | damaged in melee. [demonic ancestry]
  6811 | D:5      | Reached XP level 9. HP: 28/74 MP: 13/16
  6814 | D:5      | HP: 17/74 [gargoyle/+0 mace (6)]
  6818 | D:5      | Killed from afar by a gargoyle

Vanquished Creatures
  Sigmund (D:5)
  A sky beast (D:4)
  2 ogres
  A centaur (D:5)
  A phantom (D:3)
  A scorpion (D:5)
  2 hounds
  An orc priest (D:5)
  Jessica (D:2)
  Natasha (thrice) (D:2)
  An iguana (D:4)
  An orc wizard (D:4)
  Ijyb (D:5)
  Terence (D:2)
  6 gnolls
  10 adders
  A worm (D:2)
  2 dart slugs (D:1)
  4 orcs (D:4)
  8 endoplasms
  4 giant cockroaches
  10 goblins
  6 hobgoblins
  6 kobolds
  6 quokkas
  6 ball pythons
  10 bats
  5 rats
102 creatures vanquished.

Vanquished Creatures (collateral kills)
  A two-headed ogre (D:5)
  Prince Ribbit (D:5)
  An orc priest (D:4)
  Robin (D:4)
  3 gnolls (D:2)
  5 orcs (D:4)
  3 goblins (D:4)
  2 hobgoblins (D:4)
17 creatures vanquished.

Grand Total: 119 creatures vanquished

Table legend:
 A = Non-vault XP
 B = Vault XP
 C = Vault XP percentage of total XP
 D = Non-vault monster count
 E = Vault monster count
 F = Vault count percentage of total count
                 A         B        C        D         E       F
            +---------+---------+-------+---------+---------+-------
      Total |    1129 |    1734 |  60.6 |      90 |      29 |  24.4
            +---------+---------+-------+---------+---------+-------
        D:1 |      26 |       0 |   0.0 |      12 |       0 |   0.0
        D:2 |     214 |     106 |  33.1 |      27 |       3 |  10.0
        D:3 |     214 |       0 |   0.0 |      19 |       0 |   0.0
        D:4 |     501 |      35 |   6.5 |      29 |      11 |  27.5
        D:5 |     174 |    1593 |  90.2 |       3 |      15 |  83.3
            +---------+---------+-------+---------+---------+-------

Illustrated notes

Table legend:
 A = Kills in this place as a percentage of kills in entire the game.
 B = Kills by you in this place as a percentage of kills by you in the entire game.
 C = Kills by friends in this place as a percentage of kills by friends in the entire game.
 D = Other kills in this place as a percentage of other kills in the entire game.
 E = Experience gained in this place as a percentage of experience gained in the entire game.
 F = Experience gained in this place divided by the number of levels of this place that you have seen.
                   A       B       C       D       E      F
               +-------+-------+-------+-------+-------+----------------------
         Total | 100.0 | 100.0 | 100.0 |   N/A | 100.0 | 572.6
       Dungeon | 100.0 | 100.0 | 100.0 |   N/A | 100.0 | 572.6
               +-------+-------+-------+-------+-------+----------------------

Table legend: (Time is in decaauts)
 A = Elapsed time spent in this place.
 B = Non-inter-level travel time spent in this place.
 C = Inter-level travel time spent in this place.
 D = Time resting spent in this place.
 E = Time spent auto-exploring this place.
 F = Levels seen in this place.
 G = Mean time per level.
                   A        B        C        D        E       F      G
               +--------+--------+--------+--------+--------+-----+--------+
         Total |   6849 |   6444 |    405 |   1614 |   3700 |   5 | 1369.8 |
       Dungeon |   6849 |   6444 |    405 |   1614 |   3700 |   5 | 1369.8 |
               +--------+--------+--------+--------+--------+-----+--------+

Top non-repeatable levels by time:
     D:2: 2263 daAuts
     D:5: 1470 daAuts
     D:4: 1263 daAuts
     D:1: 952 daAuts
     D:3: 900 daAuts
